Map: King Sejong Station LE

Players

True

  • Race: Zerg Zerg
  • League: Grandmaster

Pokebunny - Winner!

  • Race: Terran Terran
  • League: Grandmaster

VOD

Have the link to the VOD?

Description

2 Base KSS

Time

  • Played on: Aug. 31, 2016, 5:58 p.m.
  • Length: 9:12
Show
View Real Time Build Order
Export as new Build Order

True Zerg 

Build Orders: Hatch First 

Get SALT Encoding   

  12  0:00  Drone  
  13  0:12  Overlord  
  13  0:17  Drone  
  14  0:31  Drone x2  
  14  0:34  Drone  
  17  0:52  Hatchery  
  17  0:56  Drone  
  17  1:08  Spawning Pool  
  16  1:12  Extractor  
  16  1:13  Drone  
  16  1:16  Drone  
  17  1:19  Drone  
  18  1:30  Drone  
  19  1:39  Overlord  
  19  1:54  Queen  
  19  1:56  Zergling x2  
  19  2:00  Zergling x2  
  23  2:03  Queen  
  23  2:04  Zergling x2  
  26  2:11  Metabolic Boost  
  26  2:13  Drone  
  27  2:15  Drone  
  27  2:21  Drone  
  29  2:26  Drone  
  30  2:35  Drone  
  30  2:37  Drone  
  30  2:44  Queen  
  30  2:45  Overlord  
  30  2:48  Drone  
  33  2:52  Pneumatized Carapace  
  33  2:58  Drone x2  
  35  3:04  Drone  
  36  3:08  Drone x2  
  36  3:09  Drone  
  36  3:10  Drone  
  40  3:14  Drone  
  40  3:15  Drone  
  40  3:16  Drone  
  43  3:21  Overlord  
  43  3:24  Drone  
  44  3:39  Hatchery  
  43  3:42  Queen  
  43  3:48  Evolution Chamber  
  44  3:52  Queen  
  44  3:54  Drone x3  
  49  3:59  Overlord  
  49  4:00  Drone x2  
  51  4:03  Drone  
  51  4:06  Overlord  
  52  4:13  Zerg Ground Armor Level 1  
  52  4:19  Evolution Chamber  
  52  4:20  Drone  
  52  4:21  Drone x4  
  56  4:38  Zergling x12  
  56  4:39  Queen  
  63  4:47  Zerg Melee Weapons Level 1  
  63  4:58  Queen  
  63  4:59  Overlord  
  65  5:03  Overlord  
  65  5:12  Zergling x2  
  65  5:13  Zergling x12  
  72  5:17  Queen  
  72  5:18  Overlord  
  73  5:26  Overlord  
  73  5:27  Zergling x6  
  73  5:28  Zergling x2, Overlord  
  76  5:31  Zergling x4  
  76  5:34  Queen  
  81  5:36  Overlord  
  81  5:37  Zergling x2  
  81  5:38  Zergling x2  
  81  5:40  Queen  
  81  5:41  Zergling x4  
  81  5:42  Zergling x4  
  89  5:44  Overlord  
  89  5:47  Zergling x4  
  92  5:50  Zergling x4  
  92  5:51  Zergling x2  
  92  5:53  Zergling x4  
  96  5:58  Zergling x2  
  95  6:10  Zergling x2  
  87  6:14  Zergling x8  
  87  6:16  Zergling x12  
  84  6:19  Zergling x4  
  84  6:22  Queen  
  84  6:23  Queen x2  
  84  6:24  Zergling x2  
  92  6:28  Zergling x2  
  92  6:30  Zergling x2  
  92  6:31  Zergling x2  
  95  6:33  Zergling x2  
  95  6:36  Zergling x4  
  95  6:39  Zergling x2  
  99  6:40  Zergling x2  
  99  6:41  Zergling x4  
  99  6:44  Zergling x2  
  99  6:45  Zergling x2  
  92  6:51  Zergling x2  
  90  6:55  Zergling x4  
  90  6:59  Queen  
  94  7:05  Zergling x4  
  94  7:06  Zergling x10  
  94  7:07  Zergling x2  
  101  7:10  Zergling x2  
  101  7:13  Zergling x2  
  95  7:21  Zergling x4  
  88  7:23  Queen  
  88  7:24  Queen  
  88  7:25  Baneling Nest  
  88  7:26  Zergling x2  
  88  7:28  Zergling x2  
  82  7:31  Zergling x4  
  82  7:33  Zergling x2  
  82  7:34  Zergling x4  
  82  7:35  Queen  
  89  7:42  Zergling x2  
  90  7:44  Zergling x2  
  90  7:46  Zergling x2  
  90  7:52  Zergling x8  
  90  7:55  Zergling x2  
  90  7:56  Zergling x2  
  96  7:59  Queen  
  96  8:00  Zergling x2  
  96  8:01  Zergling x4, Queen  
  96  8:03  Zergling x2  
  104  8:06  Zergling x2  
  104  8:08  Zergling x2  
  104  8:10  Overlord  
  106  8:15  Queen  
  106  8:17  Zergling x4  
  106  8:18  Zergling x2  
  97  8:20  Zergling x2  
  97  8:21  Zergling x2  
  97  8:23  Zergling x2  
  97  8:25  Zergling x6  
  93  8:31  Baneling x5  
  93  8:33  Baneling x6  
  93  8:34  Baneling  
  88  8:35  Zergling x2  
  88  8:37  Zergling x10  
  88  8:39  Baneling  
  88  8:40  Baneling x8  
  94  8:42  Zergling x2  
  94  8:47  Zergling x2  
  94  8:48  Zergling x2  
  94  8:50  Zergling x2  
  94  8:52  Zergling x4  
  94  8:54  Zergling x2  
Show
View Real Time Build Order
Export as new Build Order

Pokebunny Terran - Winner!

Build Orders: Reaper Expand, Bio Tank 

Get SALT Encoding   

  12  0:00  SCV  
  13  0:13  SCV  
  14  0:17  Supply Depot  
  14  0:25  SCV  
  15  0:38  SCV  
  15  0:40  Barracks  
  16  0:45  Refinery  
  16  0:50  SCV  
  17  1:03  SCV  
  18  1:15  SCV  
  19  1:27  Orbital Command  
  19  1:28  Reaper  
  20  1:40  Command Center  
  20  1:51  Supply Depot  
  20  1:53  SCV  
  21  1:56  Refinery  
  21  2:00  Marine  
  22  2:05  SCV  
  23  2:14  Factory  
  23  2:17  SCV  
  23  2:22  Barracks Reactor  
  24  2:32  SCV  
  24  2:34  Barracks  
  25  2:44  SCV  
  26  2:52  Orbital Command  
  26  2:58  Starport, Marine x2  
  26  3:00  Factory Tech Lab  
  26  3:03  SCV  
  29  3:13  Barracks  
  29  3:17  SCV  
  29  3:19  SCV  
  31  3:22  Barracks Tech Lab  
  31  3:27  Siege Tank  
  31  3:31  SCV  
  31  3:32  SCV  
  36  3:36  Medivac  
  38  3:43  Refinery  
  38  3:45  Marine  
  38  3:46  Marine x2  
  41  3:50  Stimpack  
  41  3:52  SCV x2  
  43  4:03  Barracks Reactor  
  43  4:06  SCV x2  
  45  4:10  Supply Depot  
  45  4:11  Starport Reactor  
  45  4:15  Supply Depot  
  45  4:19  SCV  
  46  4:26  Supply Depot  
  46  4:31  Marine x3  
  46  4:32  SCV, Siege Tank  
  53  4:42  Marine x2  
  53  4:43  Engineering Bay  
  55  4:49  Marine x2  
  55  4:50  Medivac x2  
  61  5:02  Marine x2  
  61  5:03  Marine  
  61  5:04  Supply Depot, SCV x2  
  66  5:07  Marine x2  
  68  5:17  Terran Infantry Weapons Level 1  
  68  5:25  Barracks  
  68  5:26  Siege Tank  
  68  5:27  Barracks  
  71  5:29  Supply Depot  
  71  5:32  Marine  
  71  5:33  Marine x4  
  76  5:36  Medivac  
  76  5:40  Supply Depot  
  78  5:50  Combat Shields  
  78  5:51  SCV x2  
  78  5:52  Marine  
  78  5:53  Marine  
  82  5:59  Marine x2  
  82  6:02  Siege Tank  
  81  6:15  Marine  
  81  6:16  Marine  
  72  6:21  Marine x3  
  72  6:22  Marine x2  
  72  6:23  Medivac x2  
  80  6:33  Marine x2  
  80  6:39  Marine x3  
  85  6:44  Marine  
  78  6:47  Marine  
  78  6:48  Siege Tank  
  78  6:51  Marine x2  
  78  6:52  Supply Depot  
  82  6:55  Medivac  
  82  6:56  Marine  
  82  6:57  Marine x2  
  87  7:05  Marine x2  
  89  7:09  Supply Depot, Marine  
  89  7:10  Marine  
  89  7:14  Marine  
  91  7:17  Marine x2  
  82  7:23  Marine  
  82  7:24  Marine  
  82  7:26  Siege Tank  
  82  7:27  Medivac, Marine  
  82  7:28  Marine  
  82  7:29  Medivac  
  87  7:32  Marine  
  87  7:34  SCV  
  87  7:35  SCV  
  87  7:36  Marine x2, Refinery  
  92  7:41  Marine  
  92  7:43  Marine  
  93  7:44  Marine  
  93  7:46  Marine  
  93  7:50  Marine  
  94  7:54  Marine  
  94  7:55  Marine  
  96  7:58  Siege Tank  
  96  7:59  Marine  
  96  8:01  Marine  
  96  8:02  Marine  
  96  8:04  Marine  
  101  8:08  Marine  
  101  8:11  Medivac, Marine  
  105  8:13  Marine  
  105  8:17  Marine  
  104  8:23  Marine  
  104  8:24  Marine  
  105  8:29  Marine x2  
  105  8:30  Marine  
  105  8:31  Medivac, Siege Tank, Marine  
  110  8:37  Supply Depot  
  110  8:48  Marine x2  
Tags
 
Add a new tag
Caveats
  • Supply blocks, unpowered buildings, or Contaminate may cause inaccurate times.
  • Supply counts are checked every 10 seconds.